 Dungeon Crawl Stone Soup version 0.28-a0-793-g31680bbd8b (webtiles) character file.

Game seed: 14233298775717645814

0 spiderkeys the Ducker (level 1, -1/10 HPs)
             Began as a Felid Abyssal Knight on Nov 4, 2021.
             Was a Follower of Lugonu.
             Slain by a manticore (11 damage)
             ... summoned by a worldbinder
             ... on level 1 of the Abyss.
             The game lasted 00:00:30 (146 turns).

spiderkeys the Ducker (Felid Abyssal Knight)         Turns: 146, Time: 00:00:31

Health: -1/10      AC:  1    Str:  9    XL:     1   Next: 0%
Magic:  3/3        EV: 18    Int: 11    God:    Lugonu [*.....]
Gold:   0          SH:  0    Dex: 16    Spells: 0/0 levels left
                                        Lives:  0   Deaths: 0

rFire   . . .      SeeInvis +     - Unarmed
rCold   . . .      Faith    .   (shield unavailable)
rNeg    . . .      Spirit   .   (armour unavailable)
rPois   .          Reflect  .   (helmet unavailable)
rElec   .          Harm     .   (cloak unavailable)
rCorr   .          Rampage  .   (gloves unavailable)
Will    .....                   (boots unavailable)
Stlth   +.........              (no amulet)
HPRegen 0.03/turn               (no ring)
MPRegen 0.08/turn               (no ring)

@: quick
A: very small, claws 1, fangs 3, see invisible, speed 1, shaggy fur 1, stealthy
paws, no weapons or thrown items, no armour, multi-lived
a: Renounce Religion, Depart the Abyss


You were on level 1 of the Abyss.
You worshipped Lugonu.
Lugonu was aware of your devotion.
You visited 0 branches of the dungeon, and saw 0 of its levels.
You visited the Abyss 1 time.


Innate Abilities, Weirdness & Mutations

You have sharp claws.
You have razor-sharp teeth.
You have supernaturally acute eyesight. (SInv)
You cover ground quickly. (Speed+)
You are covered in fur. (AC +1)
Your paws help you pounce on unaware monsters.
You are incapable of wielding weapons or throwing items.
You cannot wear armour.
You gain extra lives every three experience levels.


   Skills:
 + Level 3.0 Fighting
 + Level 3.2 Dodging
 + Level 2.0 Unarmed Combat
 + Level 1.7 Invocations


You couldn't memorise any spells.
You didn't know any spells.
Your spell library was empty.

Inventory:

Jewellery
 v - a ring of see invisible
   (You found it on level 1 of the Abyss)

Dungeon Overview and Level Annotations

Branches:
Dungeon (0/15)

Altars:

...### ## #.##..
#.. ### ...#.
.###. #.#.##
#.....# #
#.#.#...### # . #
#.#..#...###.# ##
#.####.###..
.##.. .
#xH.....######.#.
.# #..#@##.##
#..#### ##
##......##
.##...# .###.##
#. #. # .. ..# .
## ... ## ## .#..
####. #.


You could see a manticore (summoned) and a worldbinder.


Message History

🤖 Initializing magus.rc ... ✅ Successfully initialized magus.rc [v1.9.10] Welcome, spiderkeys the Felid Abyssal Knight.
The magnificent Orb of Zot lies far below, as if waiting for you to find it.
Lugonu says: Depart the Abyss and spread corruption, my servant! (use the ability menu to exit the Abyss) Press ? for a list of commands and other information.
Found a corrupted altar of Lugonu.
Unknown command.
v - a ring of see invisible
v - a ring of see invisible (left paw) Drop what? 1/52 slots (_ for help) (? for menu, Esc to quit)
Okay, then.
You remove your ring of see invisible.
Unknown command.
A chaos spawn comes into view.
The chaos spawn shouts in stereo!
A tentacled starspawn comes into view.
A small abomination comes into view.
A chaos spawn comes into view.
The chaos spawn gives a hideous shriek!
A tentacle flies out from the starspawn's body!
A starspawn tentacle comes into view.
A starspawn tentacle comes into view.
A chaos spawn comes into view.
You see here a +0 long sword.
A worldbinder comes into view.
The worldbinder calls forth creatures from the Shoals!
You scratch the manticore. Your bite misses the manticore.
Unknown command.
The manticore bites you!
Ouch! That really hurt!
You die...

Action                   || total
-------------------------++-------
Melee: Unarmed           ||     1

Levels and vault maps discovered:
Abyss:1:  base: Temple, base: Temple, evilmike_abyss_exit_mutagenic

Notes
Turn   | Place    | Note
-------+----------+-------------------------------------------
     0 | Abyss:1  | spiderkeys the Felid Abyssal Knight began the quest for the
                  | Orb.
     0 | Abyss:1  | Reached XP level 1. HP: 10/10 MP: 3/3
     0 | Abyss:1  | magus.rc [v1.9.10]
    54 | Abyss:1  | Noticed a chaos spawn
    59 | Abyss:1  | Noticed a tentacled starspawn
    60 | Abyss:1  | Noticed a small abomination
    69 | Abyss:1  | Noticed a chaos spawn
    77 | Abyss:1  | Noticed a small abomination
   108 | Abyss:1  | Noticed a chaos spawn
   142 | Abyss:1  | Noticed a worldbinder
   145 | Abyss:1  | Noticed a manticore
   146 | Abyss:1  | Slain by a manticore

Vanquished Creatures (others)
  2 starspawn tentacles (Abyss:1)
2 creatures vanquished.

Table legend:
 A = Non-vault XP
 B = Vault XP
 C = Vault XP percentage of total XP
 D = Non-vault monster count
 E = Vault monster count
 F = Vault count percentage of total count
                 A         B        C        D         E       F
            +---------+---------+-------+---------+---------+-------
      Total |       0 |       0 |   N/A |       0 |       0 |  -nan
            +---------+---------+-------+---------+---------+-------
            +---------+---------+-------+---------+---------+-------

Illustrated notes

Table legend: (Time is in decaauts)
 A = Elapsed time spent in this place.
 B = Non-inter-level travel time spent in this place.
 C = Inter-level travel time spent in this place.
 D = Time resting spent in this place.
 E = Time spent auto-exploring this place.
 F = Levels seen in this place.
 G = Mean time per level.
                   A        B        C        D        E       F      G
               +--------+--------+--------+--------+--------+-----+--------+
         Total |    116 |    116 |      0 |      0 |     40 |   1 |  116.0 |
         Abyss |    116 |    116 |      0 |      0 |     40 |   1 |  116.0 |
               +--------+--------+--------+--------+--------+-----+--------+

Top non-repeatable levels by time:
 Abyss:1: 116 daAuts
